EL
NORTHWEST ARKANSAS NATURALS @ FRISCO ROUGHRIDERS
04/24/2047
 
TOP OF THE 1ST
Northwest Arkansas Naturals batting - Pitching for Frisco RoughRiders : RHP Mario Vizcaya
Pitching: RHP Mario Vizcaya
Batting: RHB Kevin Wimberly 0-0: Foul Ball, location: 2F
0-1: Bunt missed!
0-2: Ball
1-2: Fly out, F3 (Popup, 3SF, EV 36.9 MPH)
Batting: RHB Kazuki Arai 0-0: Foul Ball, location: 2F
0-1: Ball
1-1: Ball
2-1: Foul Ball, location: 2F
2-2: Ball
3-2: Foul Ball, location: 2F
3-2: Base on Balls
Batting: RHB Alex Cid 0-0: Ball
1-0: Foul Ball, location: 2F
1-1: Ball
Kazuki Arai steals 2nd base
2-1: Swinging Strike
2-2: Strikes out swinging
Batting: RHB Andy Urquhart 0-0: Foul Ball, location: 2F
0-1: Foul Ball, location: 2F
0-2: 2-RUN HOME RUN (Flyball, 7D, EV 98.1 MPH), Distance : 388 ft
Batting: LHB Robert Wilkins 0-0: Ball
1-0: Swinging Strike
1-1: Ball
2-1: Ground out 1-3 (Groundball, 15S, EV 68.1 MPH)
Top of the 1st over - 2 runs, 1 hit, 0 errors, 0 left on base; Northwest Arkansas 2 - Frisco 0
BOTTOM OF THE 1ST
Frisco RoughRiders batting - Pitching for Northwest Arkansas Naturals : RHP Philip Terrell
Pitching: RHP Philip Terrell
Batting: RHB Chad Thompson 0-0: Ball
1-0: Hit by Pitch
Batting: LHB Gabriel Graves 0-0: Ball
Chad Thompson steals 2nd base
1-0: Swinging Strike
1-1: Called Strike
1-2: Ground out 4-3 (Groundball, 4, EV 90.6 MPH)
Chad Thompson to third
Batting: LHB Justin Barker 0-0: Ball
1-0: Ball
2-0: Foul Ball, location: 2F
2-1: Called Strike
2-2: Strikes out looking
Batting: RHB Chad Manning 0-0: Ball
1-0: Called Strike
1-1: Ground out 6-3 (Groundball, 6M, EV 86.2 MPH)
Bottom of the 1st over - 0 runs, 0 hits, 0 errors, 1 left on base; Northwest Arkansas 2 - Frisco 0
TOP OF THE 2ND
Northwest Arkansas Naturals batting - Pitching for Frisco RoughRiders : RHP Mario Vizcaya
Batting: RHB Chad Sullivan 0-0: Ball
1-0: Ball
2-0: Ball
3-0: Called Strike
3-1: Foul Ball, location: 2F
3-2: Foul Ball, location: 2F
3-2: Base on Balls
Batting: RHB Nate De Jongh 0-0: Called Strike
0-1: Swinging Strike
0-2: Strikes out swinging
Batting: RHB Eric Erickson 0-0: Called Strike
0-1: Called Strike
0-2: Fielders Choice at 2nd, 4-6 (Groundball, 34, EV 90.0 MPH)
Batting: RHB Ben Minge 0-0: Called Strike
Eric Erickson steals 2nd base
0-1: Fly out, F9 (Flyball, 9, EV 82.5 MPH)
Top of the 2nd over - 0 runs, 0 hits, 0 errors, 1 left on base; Northwest Arkansas 2 - Frisco 0
BOTTOM OF THE 2ND
Frisco RoughRiders batting - Pitching for Northwest Arkansas Naturals : RHP Philip Terrell
Batting: RHB Tim Adams 0-0: SINGLE (Line Drive, 4D, EV 104.4 MPH)
Batting: LHB Mike Sammons 0-0: Called Strike
0-1: Foul Ball, location: 2F
0-2: Ball
1-2: Reached on error, E4 (Groundball, 4, EV 83.1 MPH)
Tim Adams to second
Batting: RHB Dale Young 0-0: Called Strike
0-1: SINGLE (Line Drive, 56D, EV 105.6 MPH)
Tim Adams to third
Mike Sammons to second
Batting: RHB Dale Aubrey 0-0: Ball
1-0: Ball
2-0: Swinging Strike
2-1: SINGLE (Line Drive, 89S, EV 101.9 MPH)
Tim Adams scores
Mike Sammons to third
Dale Young to second
Batting: RHB Nate Taylor 0-0: Foul Ball, location: 2F
0-1: Called Strike
0-2: Foul Ball, location: 2F
0-2: Ball
1-2: Ball
2-2: Foul Ball, location: 2F
2-2: Foul Ball, location: 2F
2-2: Fly out, F7 (Flyball, 78S, EV 80.6 MPH)
Pitching: RHP Greg Sell
Batting: RHB Chad Thompson 0-0: Ball
1-0: SINGLE (Line Drive, 8RS, EV 103.8 MPH)
Mike Sammons scores
Dale Young to third
Dale Aubrey to second
Runner from 3rd tries for Home, SAFE, throw by CF to home
Batting: LHB Gabriel Graves 0-0: Called Strike
0-1: SINGLE (Groundball, 6MD, EV 102.5 MPH)
Dale Aubrey to third
Chad Thompson to second
Runner from 3rd tries for Home, SAFE, throw by CF to home
Batting: LHB Justin Barker 0-0: SINGLE (Groundball, 4M, EV 108.1 MPH) (infield hit)
Chad Thompson to third
Gabriel Graves to second
Batting: RHB Chad Manning 0-0: Called Strike
0-1: Ball
1-1: Ball
2-1: Foul Ball, location: 2F
2-2: Strikes out swinging
Batting: RHB Tim Adams 0-0: Ball
1-0: Ball
2-0: Foul Ball, location: 2F
2-1: Ball
3-1: Base on Balls
Chad Thompson scores
Gabriel Graves to third
Justin Barker to second
Batting: LHB Mike Sammons 0-0: GRAND SLAM HOME RUN (Flyball, 9D, EV 101.2 MPH), Distance : 388 ft
Pitching: RHP Howie Seidler
Batting: RHB Dale Young 0-0: Ball
1-0: SINGLE (Groundball, 56D, EV 96.9 MPH)
Batting: RHB Dale Aubrey 0-0: Called Strike
Dale Young steals 2nd base (no throw)
0-1: Ball
1-1: Ball
2-1: Called Strike
2-2: Foul Ball, location: 2F
2-2: Ground out 6-3 (Groundball, 6, EV 100.0 MPH)
Bottom of the 2nd over - 9 runs, 8 hits, 1 error, 1 left on base; Northwest Arkansas 2 - Frisco 9
TOP OF THE 3RD
Northwest Arkansas Naturals batting - Pitching for Frisco RoughRiders : RHP Mario Vizcaya
Batting: RHB Kevin Wimberly 0-0: Ball
1-0: Called Strike
1-1: Swinging Strike
1-2: Hit by Pitch
Batting: RHB Kazuki Arai 0-0: Called Strike
0-1: Ball
1-1: Called Strike
Kevin Wimberly steals 2nd base
1-2: Strikes out swinging
Batting: RHB Alex Cid 0-0: Called Strike
0-1: Foul Ball, location: 2F
0-2: Ball
1-2: Ball
2-2: Strikes out swinging
Batting: RHB Andy Urquhart 0-0: SINGLE (Line Drive, 6MD, EV 95.6 MPH)
Kevin Wimberly to third
Runner from 3rd tries for Home, throw by LF and OUT! 7-2
Top of the 3rd over - 0 runs, 1 hit, 0 errors, 1 left on base; Northwest Arkansas 2 - Frisco 9
BOTTOM OF THE 3RD
Frisco RoughRiders batting - Pitching for Northwest Arkansas Naturals : RHP Howie Seidler
Batting: RHB Nate Taylor 0-0: Called Strike
0-1: Ball
1-1: Ball
2-1: Called Strike
2-2: Ground out 6-3 (Groundball, 56, EV 109.4 MPH)
Batting: RHB Chad Thompson 0-0: Ball
1-0: Ball
2-0: Ground out 6-3 (Groundball, 6, EV 86.2 MPH)
Batting: LHB Gabriel Graves 0-0: Ball
1-0: Reached on error, E5 (Groundball, 6S, EV 68.8 MPH)
Batting: LHB Justin Barker 0-0: Ball
1-0: Ground out U3 (Groundball, 3, EV 76.9 MPH)
Bottom of the 3rd over - 0 runs, 0 hits, 1 error, 1 left on base; Northwest Arkansas 2 - Frisco 9
TOP OF THE 4TH
Northwest Arkansas Naturals batting - Pitching for Frisco RoughRiders : RHP Mario Vizcaya
Batting: LHB Robert Wilkins 0-0: Ground out 4-3 (Groundball, 4, EV 98.1 MPH)
Batting: RHB Chad Sullivan 0-0: Ball
1-0: Ground out 6-3 (Groundball, 6, EV 82.5 MPH)
Batting: RHB Nate De Jongh 0-0: Ball
1-0: Called Strike
1-1: Foul Ball, location: 2F
1-2: Ball
2-2: Foul Ball, location: 2F
2-2: Strikes out swinging
Top of the 4th over - 0 runs, 0 hits, 0 errors, 0 left on base; Northwest Arkansas 2 - Frisco 9
BOTTOM OF THE 4TH
Frisco RoughRiders batting - Pitching for Northwest Arkansas Naturals : RHP Howie Seidler
Batting: RHB Chad Manning 0-0: Called Strike
0-1: Ball
1-1: Foul Ball, location: 2F
1-2: Strikes out swinging
Batting: RHB Tim Adams 0-0: Called Strike
0-1: Ball
1-1: Foul Ball, location: 2F
1-2: Foul Ball, location: 2F
1-2: SINGLE (Groundball, 56D, EV 101.2 MPH)
Batting: LHB Mike Sammons 0-0: Called Strike
0-1: Ball
Tim Adams steals 2nd, throwing error, E2
Tim Adams to third
1-1: Fly out, F8 (Line Drive, 8RM, EV 90.0 MPH)
Batting: RHB Dale Young 0-0: Swinging Strike
0-1: Foul Ball, location: 2F
0-2: Ground out 6-3 (Groundball, 6S, EV 61.2 MPH)
Bottom of the 4th over - 0 runs, 1 hit, 1 error, 1 left on base; Northwest Arkansas 2 - Frisco 9
TOP OF THE 5TH
Northwest Arkansas Naturals batting - Pitching for Frisco RoughRiders : RHP Mario Vizcaya
Batting: RHB Eric Erickson 0-0: Ball
1-0: Ground out 6-3 (Groundball, 6, EV 85.6 MPH)
Batting: RHB Ben Minge 0-0: Called Strike
0-1: Ball
1-1: Ball
2-1: Swinging Strike
2-2: Strikes out swinging
Batting: RHB Kevin Wimberly 0-0: Ball
1-0: Ball
2-0: Swinging Strike
2-1: Foul Ball, location: 2F
2-2: DOUBLE (Line Drive, 78M, EV 110.0 MPH)
Batting: RHB Kazuki Arai 0-0: Ball
1-0: Called Strike
1-1: Called Strike
1-2: Fly out, F9 (Flyball, 9D, EV 103.1 MPH)
Top of the 5th over - 0 runs, 1 hit, 0 errors, 1 left on base; Northwest Arkansas 2 - Frisco 9
BOTTOM OF THE 5TH
Frisco RoughRiders batting - Pitching for Northwest Arkansas Naturals : RHP Howie Seidler
Pitching: RHP Joe Adelmann
Batting: RHB Dale Aubrey 0-0: Fly out, F7 (Flyball, 7D, EV 98.1 MPH)
Batting: RHB Nate Taylor 0-0: SINGLE (Groundball, 4MD, EV 101.9 MPH)
Batting: RHB Chad Thompson 0-0: Ball
1-0: Ball
2-0: Ball
3-0: Called Strike
3-1: Swinging Strike
3-2: Foul Ball, location: 2F
3-2: Strikes out looking
Batting: LHB Gabriel Graves 0-0: Ball
1-0: Called Strike
Nate Taylor steals 2nd base
1-1: Ball
2-1: Swinging Strike
2-2: Strikes out looking
Bottom of the 5th over - 0 runs, 1 hit, 0 errors, 1 left on base; Northwest Arkansas 2 - Frisco 9
TOP OF THE 6TH
Northwest Arkansas Naturals batting - Pitching for Frisco RoughRiders : RHP Mario Vizcaya
Batting: RHB Alex Cid 0-0: Ball
1-0: Swinging Strike
1-1: Foul Ball, location: 2F
1-2: Strikes out swinging
Batting: RHB Andy Urquhart 0-0: Foul Ball, location: 2F
0-1: Foul Ball, location: 2F
0-2: Strikes out swinging
Batting: LHB Robert Wilkins 0-0: Ground out 4-3 (Groundball, 4M, EV 106.2 MPH)
Top of the 6th over - 0 runs, 0 hits, 0 errors, 0 left on base; Northwest Arkansas 2 - Frisco 9
BOTTOM OF THE 6TH
Frisco RoughRiders batting - Pitching for Northwest Arkansas Naturals : RHP Joe Adelmann
Batting: LHB Justin Barker 0-0: Ball
1-0: Called Strike
1-1: SOLO HOME RUN (Flyball, 9LD, EV 94.4 MPH), Distance : 348 ft
Batting: RHB Chad Manning 0-0: Ground out 4-3 (Groundball, 4S, EV 85.6 MPH)
Batting: RHB Tim Adams 0-0: Foul Ball, location: 2F
0-1: Ball
1-1: Swinging Strike
1-2: Ball
2-2: Ground out 5-3 (Groundball, 56S, EV 81.9 MPH)
Batting: LHB Mike Sammons 0-0: Swinging Strike
0-1: Ball
1-1: Foul Ball, location: 2F
1-2: Ball
2-2: SINGLE (Line Drive, 7S, EV 100.6 MPH)
Batting: RHB Dale Young 0-0: Ball
1-0: Fly out, F9 (Flyball, 9D, EV 83.1 MPH)
Bottom of the 6th over - 1 run, 2 hits, 0 errors, 1 left on base; Northwest Arkansas 2 - Frisco 10
TOP OF THE 7TH
Northwest Arkansas Naturals batting - Pitching for Frisco RoughRiders : RHP Mario Vizcaya
Pinch Hitting: LHB Josh Moore 0-0: Called Strike
0-1: Fly out, F8 (Flyball, 8RM, EV 86.2 MPH)
Pinch Hitting: RHB Nick Julien 0-0: Foul Ball, location: 2F
0-1: Swinging Strike
0-2: Ball
1-2: Ball
2-2: Strikes out swinging
Pinch Hitting: SHB Jason Anaya 0-0: Ball
1-0: Called Strike
1-1: Ground out 4-3 (Groundball, 4, EV 86.9 MPH)
Top of the 7th over - 0 runs, 0 hits, 0 errors, 0 left on base; Northwest Arkansas 2 - Frisco 10
BOTTOM OF THE 7TH
Frisco RoughRiders batting - Pitching for Northwest Arkansas Naturals : RHP Joe Adelmann
Pitching: RHP Junsuke Abe
Now at 1B: Nick Julien
Now at 2B: Jason Anaya
Now in LF: Josh Moore
Now in CF: Kazuki Arai
Batting: RHB Dale Aubrey 0-0: Called Strike
0-1: Ball
1-1: Ball
2-1: Foul Ball, location: 2F
2-2: Foul Ball, location: 2F
2-2: Ball
3-2: Strikes out swinging
Batting: RHB Nate Taylor 0-0: Called Strike
0-1: Ball
1-1: SINGLE (Flyball, 78S, EV 83.1 MPH)
Pinch Hitting: RHB Jorge Benites 0-0: Ball
1-0: Ball
2-0: Ball
Nate Taylor is caught stealing 2nd base 2-4
3-0: Fly out, F9 (Flyball, 9, EV 87.5 MPH)
Bottom of the 7th over - 0 runs, 1 hit, 0 errors, 0 left on base; Northwest Arkansas 2 - Frisco 10
TOP OF THE 8TH
Northwest Arkansas Naturals batting - Pitching for Frisco RoughRiders : RHP Mario Vizcaya
Now in LF: Jorge Benites
Now in RF: Dale Young
Batting: RHB Ben Minge 0-0: Ball
1-0: Called Strike
1-1: Foul Ball, location: 2F
1-2: Foul Ball, location: 2F
1-2: Foul Ball, location: 2F
1-2: Ball
2-2: Strikes out swinging
Batting: RHB Kevin Wimberly 0-0: Called Strike
0-1: Ball
1-1: Called Strike
1-2: Fly out, F7 (Line Drive, 78M, EV 92.5 MPH)
Pinch Hitting: RHB Kevin Allen 0-0: Ball
1-0: TRIPLE (Line Drive, 89XD, EV 105.0 MPH)
Pitching: RHP Jose Barragan
Batting: RHB Alex Cid 0-0: Called Strike
0-1: Called Strike
0-2: Foul Ball, location: 2F
0-2: Ball
1-2: Ball
2-2: Ground out 3-1 (Groundball, 34S, EV 91.9 MPH)
Top of the 8th over - 0 runs, 1 hit, 0 errors, 1 left on base; Northwest Arkansas 2 - Frisco 10
BOTTOM OF THE 8TH
Frisco RoughRiders batting - Pitching for Northwest Arkansas Naturals : RHP Junsuke Abe
Now in CF: Kevin Allen
Batting: LHB Gabriel Graves 0-0: Ball
1-0: Foul Ball, location: 2F
1-1: Foul Ball, location: 2F
1-2: Strikes out swinging
Pinch Hitting: RHB Jarrod Joyce 0-0: Ball
1-0: Foul Ball, location: 2F
1-1: Ball
2-1: Fly out, F7 (Flyball, 7LSF, EV 91.9 MPH)
Batting: RHB Chad Manning 0-0: Ball
1-0: Ball
2-0: Ball
3-0: Base on Balls
Batting: RHB Tim Adams 0-0: Called Strike
0-1: Ball
1-1: Foul Ball, location: 2F
1-2: Strikes out swinging
Bottom of the 8th over - 0 runs, 0 hits, 0 errors, 1 left on base; Northwest Arkansas 2 - Frisco 10
TOP OF THE 9TH
Northwest Arkansas Naturals batting - Pitching for Frisco RoughRiders : RHP Jose Barragan
Now at SS: Jarrod Joyce
Batting: RHB Andy Urquhart 0-0: Ball
1-0: Fly out, F4 (Popup, 34S, EV 81.9 MPH)
Pinch Hitting: LHB Mike Bhatti 0-0: Ball
1-0: Ball
2-0: Foul Ball, location: 2F
2-1: Foul Ball, location: 2F
2-2: Ball
3-2: Strikes out swinging
Batting: LHB Josh Moore 0-0: Ball
1-0: Foul Ball, location: 2F
1-1: Ball
2-1: Called Strike
2-2: Foul Ball, location: 2F
2-2: SINGLE (Groundball, 4MD, EV 108.1 MPH)
Pinch Hitting: RHB Ben Garrett 0-0: Ball
1-0: Foul Ball, location: 2F
1-1: Swinging Strike
1-2: Ball
2-2: Ball
3-2: Ground out 4-3 (Groundball, 34, EV 101.9 MPH)
Top of the 9th over - 0 runs, 1 hit, 0 errors, 1 left on base; Northwest Arkansas 2 - Frisco 10
Thursday, December 15th , 2022 - OOTP Baseball 23.9 Build 102